 Dungeon Crawl Stone Soup version 0.28-a0-1080-g05a166d0ed (webtiles) character file.

Game seed: 1644071906712807597

95463 bande the Severer (level 16, -4/103 HPs)
             Began as a Gargoyle Fighter on Dec 9, 2021.
             Was the Champion of Okawaru.
             Slain by a bunyip (24 damage)
             ... on level 1 of the Swamp on Dec 10, 2021.
             The game lasted 01:14:36 (28574 turns).

bande the Severer (Gargoyle Fighter)               Turns: 28574, Time: 01:14:37

Health: -4/103     AC: 43    Str: 24    XL:     16   Next: 14%
Magic:  24/24      EV:  8    Int: 19    God:    Okawaru [******]
Gold:   2161       SH: 13    Dex: 16    Spells: 15/15 levels left

rFire   . . .      SeeInvis +   x - +7 broad axe of Propriety {freeze, rCorr Str+3}
rCold   + + .      Faith    .   S - +1 kite shield {rC+}
rNeg    + + .      Spirit   .   k - +10 chain mail of Figodudi {rN+ Int+7}
rPois   ∞          Reflect  .   F - +0 helmet
rElec   +          Harm     .   y - +0 cloak
rCorr   +          Rampage  .   e - +1 pair of gloves
Will    +....                   I - +1 pair of boots {Stlth+}
Stlth   ..........              h - amulet of regeneration
HPRegen 1.07/turn               E - ring of protection from cold
MPRegen 0.19/turn               U - ring of the Octopus King {AC+1 EV+1 Str+1 Int+1 Dex+1 SInv}

@: flying
A: sickness immunity, AC +12, big wings, negative energy resistance 1,
electricity resistance, torment resistance 1, petrification resistance
a: Renounce Religion, Heroism, Finesse, Duel


You were on level 1 of the Swamp.
You worshipped Okawaru.
Okawaru was exalted by your worship.
You visited 5 branches of the dungeon, and saw 25 of its levels.
You also visited: Gauntlet and Ice Cave.

You collected 2704 gold pieces.
You spent 543 gold pieces at shops.

Inventory:

Hand Weapons
 m - a +0 hand axe of flaming
 o - a +0 broad axe of freezing
 x - the +7 broad axe of Propriety (weapon) {freeze, rCorr Str+3}
   (You acquired it on level 3 of the Lair of Beasts)

   It freezes those it strikes, dealing additional cold damage.
   It can also slow down cold-blooded creatures.
   Str:       It affects your strength (+3).
   rCorr:     It protects you from acid and corrosion.
Missiles
 K - 3 throwing nets (quivered)
Armour
 e - a +1 pair of gloves (worn)
 k - the +10 chain mail of Figodudi (worn) {rN+ Int+7}
   (You bought it in a shop on level 7 of the Dungeon)

   Int:       It affects your intelligence (+7).
   rN:        It protects you from negative energy.
 y - a +0 cloak (worn)
 F - a +0 helmet (worn)
 I - a +1 pair of boots of stealth (worn)
 L - a +0 plate armour of willpower
 S - a +1 kite shield of cold resistance (worn)
 X - a +1 crystal plate armour of cold resistance
 Z - a +1 pair of gloves of infusion
Jewellery
 c - the ring of Taqus {Wiz Fly rN+}
   (You found it in a Gauntlet)

   [ring of wizardry]

   It improves your spell success rate.
   rN:        It protects you from negative energy.
   Fly:       It grants you flight.
 h - an amulet of regeneration (around neck)
 i - a ring of flight
 z - a ring of fire
 E - a ring of protection from cold (left hand)
 J - an amulet of guardian spirit
 M - a +6 ring of strength
 P - a +6 ring of dexterity
 Q - a +6 ring of dexterity
 U - a ring of the Octopus King (right hand) {AC+1 EV+1 Str+1 Int+1 Dex+1 SInv}
   (You took it off a minotaur in a Gauntlet)

   [ring of see invisible]

   AC:        It affects your AC (+1).
   EV:        It affects your evasion (+1).
   Str:       It affects your strength (+1).
   Int:       It affects your intelligence (+1).
   Dex:       It affects your dexterity (+1).
   SInv:      It lets you see invisible.
Wands
 a - a wand of digging (11)
 g - a wand of flame (48)
 A - a wand of polymorph (17)
 B - a wand of mindburst (29)
 G - a wand of acid (11)
 O - a wand of paralysis (10)
 R - a wand of iceblast (4)
Scrolls
 b - a scroll of silence
 n - 9 scrolls of teleportation
 p - a scroll of amnesia
 r - 3 scrolls of enchant weapon
 s - 7 scrolls of identify
 t - 5 scrolls of magic mapping
 D - 4 scrolls of blinking
 T - a scroll of fog
 Y - a scroll of fear {unknown}
Potions
 d - 3 potions of might
 f - 8 potions of haste
 j - 3 potions of brilliance
 l - 3 potions of heal wounds
 q - a potion of magic
 u - 3 potions of flight
 v - 4 potions of curing
 w - 7 potions of ambrosia
 C - 3 potions of mutation
 W - a potion of resistance {unknown}
Miscellaneous
 H - a phial of floods
 N - a condenser vane
 V - a lightning rod (4/4)


   Skills:
 + Level 12.7 Fighting
 + Level 15.9 Axes
 + Level 12.4 Armour
 + Level 10.2 Shields
 * Level 11.9 Invocations
 * Level 9.1 Evocations


You had 15 spell levels left.
You didn't know any spells.
Your spell library contained the following spells:

 Spells                   Type           Power      Damage    Failure   Level
 Foxfire                  Conj/Fire      0%         2x1d4     87%         1
 Freeze                   Ice            0%         1d3       87%         1
 Slow                     Hex            0%         N/A       87%         1
 Blink                    Tloc           0%         N/A       95%         2
 Ensorcelled Hibernation  Hex/Ice        0%         N/A       95%         2
 Scorch                   Fire           0%         2d5       95%         2
 Confusing Touch          Hex            0%         N/A       99%         3
 Dazzling Flash           Conj/Hex       0%         N/A       99%         3
 Frozen Ramparts          Ice            0%         1d2       99%         3
 Inner Flame              Hex/Fire       0%         N/A       99%         3
 Ozocubu's Armour         Ice            0%         N/A       99%         3
 Spider Form              Tmut/Pois      0%         N/A       99%         3
 Vampiric Draining        Necr           0%         2d6       99%         3
 Fulminant Prism          Conj/Hex       0%         3d6       100%        4
 Hailstorm                Conj/Ice       0%         3d3       100%        4
 Iskenderun's Mystic Bla  Conj/Tloc      0%         2d3       100%        4
 Olgreb's Toxic Radiance  Pois           0%         N/A       100%        4
 Passage of Golubria      Tloc           0%         N/A       100%        4
 Petrify                  Tmut/Erth      0%         N/A       100%        4
 Sticky Flame             Conj/Fire      0%         2d3       100%        4
 Agony                    Necr           0%         N/A       100%        5
 Irradiate                Conj/Tmut      0%         3d13      100%        5
 Lee's Rapid Deconstruct  Erth           0%         3d5*      100%        5
 Manifold Assault         Tloc           0%         N/A       100%        5
 Silence                  Hex/Air        0%         N/A       100%        5
 Ozocubu's Refrigeration  Ice            0%         4d5       100%        7
 Storm Form               Tmut/Air       0%         N/A       100%        7
 Ignition                 Fire           0%         3d3       100%        8
 Lehudib's Crystal Spear  Conj/Erth      0%         10d2      100%        8
 Sublimation of Blood     Necr           Unusable   N/A       N/A         2
 Tukima's Dance           Hex            Unusable   N/A       N/A         3
 Summon Ice Beast         Ice/Summ       Unusable   N/A       N/A         4
 Summon Mana Viper        Hex/Summ       Unusable   N/A       N/A         5
 Monstrous Menagerie      Summ           Unusable   N/A       N/A         7

Dungeon Overview and Level Annotations

Branches:
Dungeon (15/15)            Temple (1/1) D:6            Lair (6/6) D:9
  Swamp (1/4) Lair:3       Spider (0/4) Lair:4        Slime (0/5) Lair:6
    Orc (2/2) D:12            Elf (0/3) Orc:2        Vaults (0/5) D:13
 Depths (0/4) D:15          IceCv (visited)         Gauntlet (visited)

Altars:
Ashenzari
Cheibriados
Dithmenos
Elyvilon
Fedhas
Gozag
Hepliaklqana
Kikubaaqudgha
Makhleb
Nemelex Xobeh
Okawaru
Qazlal
Ru
Sif Muna
Trog
Uskayaw
Vehumet
Wu Jian
Xom
Yredelemnul
Zin
The Shining One
Jiyva

Shops:
D:6 (   D:7 [=   Orc:1 *   Orc:2 ([**(

Annotations:
Lair:1 2 transporters
Lair:5 3 runed translucent doors, Pinouros's ghost, journeyman DECj
Lair:6 1 runed translucent door


Innate Abilities, Weirdness & Mutations

You are immune to sickness and miasma.
Your stone body is resilient. (AC +12)
You are immune to poison.
Your large and strong wings let you fly.
You resist negative energy. (rN+)
You are resistant to electric shocks. (rElec)
You are resistant to unholy torment.
You are immune to petrification.


Message History

The bunyip is severely wounded.
You hit the bunyip but do no damage.
The bunyip is severely wounded.
You hit the bunyip. You burn the bunyip.
The bunyip is severely wounded.
The bunyip claws you but does no damage.
The bunyip claws you. The bunyip claws you!
* * * LOW HITPOINT WARNING * * *
You slash the bunyip! You burn the bunyip.
The bunyip is almost dead.
You barely miss the bunyip.
The bunyip is almost dead.
You barely miss the bunyip.
The bunyip is almost dead.
You closely miss the bunyip.
The bunyip is almost dead.
You hit the bunyip. You burn the bunyip.
The bunyip is almost dead.
The bunyip claws you but does no damage. x3
You hit the bunyip but do no damage.
The bunyip is almost dead.
You closely miss the bunyip.
The bunyip is almost dead.
You hit the bunyip but do no damage.
The bunyip is almost dead.
You barely miss the bunyip.
The bunyip is almost dead.
The bunyip howls a warning cry!
You hear an angry buzzing noise.
You hear a hideous shriek!
You hear an angry buzzing noise. x2; You hear a deafening roar!
Your +0 hand axe of flaming stops flaming.
You feel stronger.
The +7 broad axe of Propriety {freeze, rCorr Str+3} glows with a cold blue light!
x - the +7 broad axe of Propriety (weapon)
{freeze, rCorr Str+3} The bunyip claws you!
* * * LOW HITPOINT WARNING * * *
The bunyip claws you.
* * * LOW HITPOINT WARNING * * *
The bunyip claws you!!
You die...

≈≈ ≈≈♣ ♣♣♣♣♣ ♣>..
♣≈≈≈♣♣♣♣.≈♣
♣........♣
♣....≈≈≈≈♣
♣..@≈≈≈≈≈♣
♣♣≈x≈≈≈≈≈♣♣
♣=...≈...≈♣♣
♣≈≈..≈..♣...≈.♣♣≈♣
.≈≈.≈≈....<..≈§≈≈.
♣...≈≈≈≈.≈....≈≈§..
♣♣♣§.≈≈≈...........
♣♣≈≈≈≈.♣♣≈.≈≈..≈♣
♣♣..≈♣♣♣...≈≈...


You could see a bunyip (catching breath).

Vanquished Creatures
  Jorgrun (D:13)
  A stone giant (D:15)
  A minotaur (Gauntlet)
  A blizzard demon (Gauntlet)
  6 boulder beetles
  10 hydras
  An ice dragon (D:15)
  2 centaur warriors (D:15)
  A merfolk avatar (Lair:6)
  2 ironbound frosthearts (IceCv)
  6 two-headed ogres
  9 death yaks
  2 tengu warriors (D:15)
  Urug (Lair:2)
  2 orc high priests (Orc:2)
  A sea snake (Lair:6)
  A wizard (D:15)
  A lindwurm (Lair:6)
  An orc knight (Orc:2)
  An orange crystal statue (Lair:3)
  A deep elf pyromancer (D:13)
  6 orc sorcerers
  5 manticores
  6 ugly things
  7 cyclopes
  10 elephants
  20 cane toads
  7 black mambas
  A torpor snail (Lair:2)
  An ice statue (IceCv)
  An unseen horror (D:11)
  A torpor snail (shapeshifter) (D:13)
  4 yaktaurs (D:12)
  A demonic crawler (Lair:4)
  6 komodo dragons
  4 rime drakes
  An efreet (D:10)
  An ice devil (Gauntlet)
  3 trolls
  A polar bear (shapeshifter) (D:14)
  A queen bee (Lair:1)
  4 hornets
  A wind drake (Lair:6)
  15 polar bears
  7 slime creatures
  11 blink frogs
  A snapping turtle (Lair:6)
  14 dream sheep
  3 centaur simulacra
  A spriggan (Lair:6)
  2 shadows
  2 wraiths
  3 basilisks
  A golden eye (shapeshifter) (D:13)
  3 wyverns
  53 yaks
  6 vampire mosquitoes
  A basilisk (shapeshifter) (D:13)
  2 steam dragons
  4 wargs
  5 swamp worms
  An acid dragon (D:13)
  17 water moccasins
  2 ice beasts (D:5)
  20 orc warriors
  A swamp drake (D:12)
  A sky beast (D:8)
  A black bear (Lair:1)
  6 ogres
  A necrophage (D:7)
  14 centaurs
  30 wolves
  A phantom (D:5)
  A kobold brigand (D:7)
  12 bullfrogs
  2 gnoll sergeants
  9 scorpions
  A water moccasin skeleton (D:6)
  2 hornet simulacra
  33 killer bees
  4 wights
  3 bullfrog zombies
  2 lava snakes (Lair:3)
  8 centaur zombies
  5 jellies
  3 hounds
  32 orc priests
  A gnoll shaman (D:8)
  6 iguanas
  29 orc wizards
  A hound zombie (D:5)
  A hound skeleton (D:5)
  A howler monkey zombie (D:10)
  11 adders
  13 gnolls
  2 howler monkey skeletons (D:4)
  4 white imps
  An adder skeleton (D:4)
  2 worms
  2 dart slugs (D:1)
  65 orcs
  4 bats
  6 endoplasms
  4 giant cockroaches
  10 goblins
  5 hobgoblins
  4 jackals (D:4)
  13 kobolds
  4 quokkas
  9 ball pythons
  A frilled lizard (D:3)
  2 rats
691 creatures vanquished.

Vanquished Creatures (others)
  A wizard (D:15)
  2 orc wizards
  46 fungi
  66 plants
  A withered plant (Gauntlet)
116 creatures vanquished.

Grand Total: 807 creatures vanquished

Notes
Turn   | Place    | Note
-------+----------+-------------------------------------------
     0 | D:1      | bande the Gargoyle Fighter began the quest for the Orb.
     0 | D:1      | Reached XP level 1. HP: 14/14 MP: 1/1
    77 | D:1      | Reached XP level 2. HP: 17/19 MP: 2/2
   210 | D:1      | Found a faded altar of an unknown god.
   296 | D:1      | Reached skill level 2 in Axes
   429 | D:1      | Reached XP level 3. HP: 24/24 MP: 3/3
  1705 | D:3      | Reached XP level 4. HP: 29/29 MP: 4/4
  2043 | D:3      | Reached skill level 3 in Axes
  2043 | D:3      | Reached XP level 5. HP: 33/33 MP: 5/5
  2651 | D:3      | Reached XP level 6. HP: 35/39 MP: 6/6
  2897 | D:4      | Reached skill level 4 in Axes
  2948 | D:4      | Found a stormy altar of Qazlal.
  3094 | D:4      | Reached skill level 5 in Armour
  3094 | D:4      | Reached XP level 7. HP: 31/44 MP: 7/7
  3249 | D:4      | Found an opulent altar of Gozag.
  3383 | D:5      | Entered Level 5 of the Dungeon
  3427 | D:5      | Found a burning altar of Makhleb.
  3427 | D:5      | Found a basalt altar of Yredelemnul.
  3476 | D:5      | Reached skill level 5 in Axes
  3524 | D:5      | Found a sacrificial altar of Ru.
  3656 | D:5      | Reached skill level 5 in Fighting
  3695 | D:5      | Reached XP level 8. HP: 48/49 MP: 8/8
  3915 | D:5      | Reached skill level 6 in Axes
  4194 | D:6      | Found Naczuned's Antique Weapon Boutique.
  4213 | D:6      | Reached skill level 5 in Shields
  4236 | D:6      | Found a glowing golden altar of the Shining One.
  4345 | D:6      | Found a staircase to the Ecumenical Temple.
  4379 | Temple   | Entered the Ecumenical Temple
  4430 | Temple   | Became a worshipper of Warmaster Okawaru
  4490 | D:6      | Reached skill level 7 in Axes
  4535 | D:6      | Found a shimmering altar of Xom.
  4678 | D:7      | Found Cenawk's Antique Armour Shop.
  4682 | D:7      | Bought a twisted chain mail for 218 gold pieces
  4682 | D:7      | Identified the +10 chain mail of Figodudi {rN+ Int+7} (You
                  | bought it in a shop on level 7 of the Dungeon)
  4771 | D:7      | Found an ornate altar of the Wu Jian Council.
  4818 | D:7      | Reached XP level 9. HP: 54/55 MP: 9/9
  5032 | D:7      | Found Xipin's Jewellery Shop.
  5077 | D:6      | Reached skill level 1 in Invocations
  5125 | D:7      | Reached * piety under Okawaru
  5259 | D:7      | Reached skill level 8 in Axes
  5946 | D:8      | Noticed a hornet
  6004 | D:8      | Killed a hornet
  6023 | D:8      | Found an ancient bone altar of Kikubaaqudgha.
  6235 | D:8      | Reached ** piety under Okawaru
  6541 | D:8      | Found a sparkling altar of Nemelex Xobeh.
  6691 | D:9      | Noticed a hornet
  6710 | D:8      | Reached skill level 9 in Axes
  6710 | D:8      | Reached XP level 10. HP: 56/61 MP: 12/12
  6750 | D:8      | Reached *** piety under Okawaru
  7610 | D:9      | Found a hide-covered altar of Uskayaw.
  7728 | D:9      | Found a staircase to the Lair.
  7832 | D:9      | Reached skill level 5 in Invocations
  7874 | D:9      | Reached **** piety under Okawaru
  8070 | D:9      | Noticed a two-headed ogre
  8098 | D:9      | Killed a two-headed ogre
  8099 | D:9      | Reached skill level 1 in Evocations
  8427 | Lair:1   | Entered Level 1 of the Lair of Beasts
  8470 | Lair:1   | Reached skill level 10 in Axes
  8500 | Lair:1   | Found a transporter.
  8624 | D:9      | Reached XP level 11. HP: 68/68 MP: 15/15
  8790 | D:9      | Reached ***** piety under Okawaru
  9166 | Lair:1   | Found a transporter.
  9253 | Lair:1   | Got the Reference Book on Ignition
 10643 | Lair:2   | Received a gift from Okawaru
 10797 | Lair:2   | Noticed Urug
 10826 | Lair:2   | Killed Urug
 10827 | Lair:2   | Reached skill level 11 in Axes
 10925 | Lair:2   | Reached XP level 12. HP: 62/75 MP: 17/17
 12133 | Lair:2   | Reached ****** piety under Okawaru
 12133 | Lair:2   | Received a gift from Okawaru
 12253 | Lair:3   | Identified the +9 falchion "Soun" {elec, Fly Dex+7}
 13031 | Lair:3   | Noticed a six-headed hydra
 13043 | Lair:3   | Killed a one-headed hydra
 13157 | Lair:3   | Identified a scroll of acquirement
 13157 | Lair:3   | Acquired the +7 broad axe of Propriety {freeze, rCorr
                  | Str+3}
 13183 | Lair:3   | Reached skill level 10 in Armour
 13279 | Lair:3   | Noticed a five-headed hydra
 13292 | Lair:3   | Killed a 15-headed hydra
 13293 | Lair:3   | Reached skill level 5 in Evocations
 13504 | Lair:4   | Identified the +1 hand axe "Redoe" {vorpal, Dex+2} (Okawaru
                  | gifted it to you on level 4 of the Lair of Beasts)
 13504 | Lair:4   | Received a gift from Okawaru
 13587 | Lair:4   | Noticed a death yak
 13587 | Lair:4   | Noticed a death yak
 13591 | Lair:4   | Noticed a death yak
 13624 | Lair:3   | Killed a death yak
 13626 | Lair:3   | Killed a death yak
 13626 | Lair:3   | Killed a death yak
 13627 | Lair:3   | Reached skill level 12 in Axes
 14195 | Lair:4   | Reached XP level 13. HP: 82/82 MP: 19/19
 14215 | Lair:4   | Reached skill level 10 in Fighting
 14360 | Lair:4   | Found a hole to the Spider Nest.
 15343 | Lair:5   | Found a runed translucent gate.
 15343 | Lair:5   | Found a runed translucent gate.
 15343 | Lair:5   | Found a runed translucent gate.
 15570 | Lair:5   | Received a gift from Okawaru
 16026 | Lair:5   | Noticed Pinouros's ghost (journeyman DECj)
 16045 | Lair:6   | Entered Level 6 of the Lair of Beasts
 16046 | Lair:6   | Upgraded the game from 0.28-a0-1038-g9c4cb8273d to
                  | 0.28-a0-1080-g05a166d0ed
 16218 | Lair:5   | Identified the +1 robe of Nozaim {Regen+} (Okawaru gifted
                  | it to you on level 5 of the Lair of Beasts)
 16218 | Lair:5   | Received a gift from Okawaru
 16219 | Lair:5   | Reached skill level 13 in Axes
 16390 | Lair:6   | Found a runed translucent door.
 16390 | Lair:6   | Found a viscous altar of Jiyva.
 16392 | Lair:6   | Found a staircase to the Slime Pits.
 16567 | Lair:6   | Gained mutation: Your large and strong wings let you fly.
                  | [Gargoyle growth]
 16567 | Lair:6   | Reached XP level 14. HP: 86/88 MP: 21/21
 16777 | Lair:6   | Reached skill level 10 in Invocations
 16791 | Lair:6   | Identified the +6 trident "Impbane" {spect, rPois rC-
                  | Int+10}
 17676 | D:10     | Entered Level 10 of the Dungeon
 17718 | D:10     | Received a gift from Okawaru
 18049 | D:10     | Found a bloodstained altar of Trog.
 19113 | D:11     | Reached skill level 14 in Axes
 19723 | D:12     | Found a radiant altar of Vehumet.
 20184 | D:12     | Found a staircase to the Orcish Mines.
 20451 | D:13     | Noticed Jorgrun
 20471 | D:13     | Killed Jorgrun
 20584 | D:13     | Found a gate to the Vaults.
 21281 | D:14     | Reached XP level 15. HP: 79/96 MP: 23/23
 21780 | D:14     | Received a gift from Okawaru
 22532 | D:15     | Entered Level 15 of the Dungeon
 23009 | D:15     | Reached skill level 15 in Axes
 23350 | D:15     | Found a staircase to the Depths.
 24208 | Orc:1    | Entered Level 1 of the Orcish Mines
 24329 | Orc:2    | Entered Level 2 of the Orcish Mines
 24329 | Orc:2    | Found a gate leading to a gauntlet.
 24335 | Gauntlet | Entered a Gauntlet
 24335 | Gauntlet | Found a transporter.
 24339 | Gauntlet | Found a transporter.
 24344 | Gauntlet | Identified the +9 hunting sling of the Protecting Goat
                  | {freeze, Will+ Stlth+} (Okawaru gifted it to you in a
                  | Gauntlet)
 24344 | Gauntlet | Received a gift from Okawaru
 24364 | Gauntlet | Found a transporter.
 24395 | Gauntlet | Found a transporter.
 24429 | Gauntlet | Found a transporter.
 24429 | Gauntlet | Found a transporter.
 24430 | Gauntlet | Found a transporter.
 24443 | Gauntlet | Found a transporter.
 24453 | Gauntlet | Found a transporter.
 24453 | Gauntlet | Found a transporter.
 24461 | Gauntlet | Identified the ring of Taqus {Wiz Fly rN+}
 24481 | Gauntlet | Found the ring of the Octopus King {AC+1 EV+1 Str+1 Int+1
                  | Dex+1 SInv}
 24542 | Orc:2    | Found Pamuh's Antique Weapon Shoppe.
 24553 | Orc:2    | Found a staircase to the Elven Halls.
 24565 | Orc:1    | Found a frozen archway.
 24591 | IceCv    | Entered an ice cave
 25057 | IceCv    | Reached skill level 10 in Shields
 25728 | Orc:2    | Paralysed by an orc sorcerer for 5 turns
 26061 | Orc:2    | Reached XP level 16. HP: 79/103 MP: 24/24
 26408 | Orc:2    | Found Dete's General Store.
 26408 | Orc:2    | Found Lovynag's Weapon Shop.
 26409 | Orc:2    | Found Enoosumine's General Store.
 26413 | Orc:2    | Found Poer's Armour Boutique.
 26418 | Orc:2    | Bought a scroll of teleportation for 48 gold pieces
 26634 | Orc:1    | Found Ruchimai's Assorted Antiques.
 26866 | Orc:2    | Identified the +0 cloak "Uralea Fiypn" {Harm +Inv rF-}
                  | (Okawaru gifted it to you on level 2 of the Orcish Mines)
 26866 | Orc:2    | Received a gift from Okawaru
 26998 | Orc:1    | Bought a pair of glowing gloves for 277 gold pieces
 27922 | Lair:3   | Found a staircase to the Swamp.
 28525 | Swamp:1  | Entered Level 1 of the Swamp
 28574 | Swamp:1  | Slain by a bunyip

Illustrated notes

Levels and vault maps discovered:
D:1:      pf_arrival_petrified_forest, layout_basic,
          ebering_ecumenical_altar_abandoned
D:2:      layout_basic, minmay_strange_pillars
D:3:      layout_loops_corners
D:4:      layout_basic, grunt_qazlal_clouds, nicolae_overflow_crystal_walls
D:5:      nicolae_cairo_tiling_large_dashed, layout_rooms,
          nicolae_ru_awakened_eye, gammafunk_temple_overflow_statue
D:6:      layout_rooms, tso_altar, mainiacjoe_overflow_chevrons,
          minmay_temple_entry_offerings, serial_shops, nicolae_shop_hallway_plus
D:7:      layout_rooms, kennysheep_mini, serial_shops, shop,
          nicolae_shop_hallway_stairs
D:8:      layout_basic, lemuel_coloured_pillars_altar, nemelex_altar_shiori,
          minmay_between
D:9:      layout_basic, mainiacjoe_overflow_paths, erik_lair_orcish_takeover
D:10:     layout_loops_ring, trog_hazing_becter
D:11:     layout_layer_cave
D:12:     layout_rooms, erik_orc_1, vehumet_altar_wand_db
D:13:     layout_roguey, david_vaults_2, hex_tiny, uniq_jorgrun
D:14:     layout_irregular_city, nrook_mini_vaults
D:15:     grunt_enter_depths_snipers, layout_basic, nicolae_benzene_ring
Temple:   zaba_magenta_temple
Lair:1:   gammafunk_worm_tunnel, layout_small_grid, cheibrodos_lair_lostbears
Lair:2:   layout_gridlike, special_room [special_room_bee], grunt_megastairs_4,
          lemuel_fruit_fields, uniq_urug
Lair:3:   layout_gridlike, palyth_hydra_swamp_entry, disabler_island,
          grunt_megastairs_1
Lair:4:   layout_long_grid, nicolae_spider_entry_non_spiders,
          nicolae_lair_grove_arrangements, grunt_megastairs_5
Lair:5:   layout_regular_city, ebering_ghost_rock_garden,
          chequers_serial_rivers_small_3
Lair:6:   gammafunk_lair_ancient_temple, layout_regular_city, slime_altar_2,
          grunt_forest_large_clearing_hut
Swamp:1:  layout_basic_swamp, ebering_ghost_reflecting_pool,
          hangedman_swamp_ruin_wall, swamp_pool4
Orc:1:    layout_diamond_mine, portal_ice_cave_entry_pillars_2, serial_shops,
          shop
Orc:2:    st_orc_mages, layout_diamond_mine, serial_shops, shop,
          gauntlet_entry_generic

Skill      XL: |  1  2  3  4  5  6  7  8  9 10 11 12 13 14 15 |
---------------+----------------------------------------------+-----
Axes           | 2 3 4 5 7 9 10 11 12 13 14 15 | 15.9
Fighting       | 4 5 6 8 9 10 11 12 | 12.7
Armour         | 4 5 6 7 8 9 10 11 12 | 12.4
Shields        | 4 5 6 7 8 9 10 | 10.2
Invocations    | 3 5 7 8 9 10 11 | 11.9
Evocations     | 1 3 5 6 7 9 |  9.1

Action                   |  1- 3 |  4- 6 |  7- 9 | 10-12 | 13-15 | 16-18 || total
-------------------------+-------+-------+-------+-------+-------+-------++-------
Melee: War axe           |   103 |   196 |   227 |       |       |       ||   526
       Hand axe          |       |       |   219 |  1102 |    44 |    51 ||  1416
       Broad axe         |       |       |       |    78 |  1089 |   101 ||  1268
Invok: Heroism           |       |       |       |     3 |     2 |       ||     5
  Use: Scroll            |     2 |       |    12 |     6 |     5 |       ||    25
       Potion            |       |       |     1 |     5 |     5 |       ||    11
Armor: Scale mail        |    65 |    63 |       |       |       |       ||   128
       Chain mail        |       |    82 |   361 |  1059 |   955 |   133 ||  2590
Dodge: Dodged            |    50 |    77 |   155 |   558 |   370 |    42 ||  1252
Block: Buckler           |    32 |    34 |   125 |   365 |   280 |       ||   836
       Kite shield       |       |       |       |       |   229 |   109 ||   338

Table legend: (Time is in decaauts)
 A = Elapsed time spent in this place.
 B = Non-inter-level travel time spent in this place.
 C = Inter-level travel time spent in this place.
 D = Time resting spent in this place.
 E = Time spent auto-exploring this place.
 F = Levels seen in this place.
 G = Mean time per level.
                   A        B        C        D        E       F      G
               +--------+--------+--------+--------+--------+-----+--------+
         Total |  28419 |  28197 |    222 |   6393 |  13207 |  27 | 1052.6 |
       Dungeon |  15598 |  15467 |    131 |   2903 |   8494 |  15 | 1039.9 |
        Temple |     66 |     66 |      0 |      0 |     40 |   1 |   66.0 |
          Lair |   9736 |   9645 |     91 |   2719 |   3640 |   6 | 1622.7 |
         Swamp |     35 |     35 |      0 |      0 |      0 |   1 |   35.0 |
  Orcish Mines |   2015 |   2015 |      0 |    745 |    567 |   2 | 1007.5 |
      Ice Cave |    766 |    766 |      0 |     26 |    418 |   1 |  766.0 |
      Gauntlet |    200 |    200 |      0 |      0 |     48 |   1 |  200.0 |
               +--------+--------+--------+--------+--------+-----+--------+

Top non-repeatable levels by time:
  Lair:3: 2258 daAuts
  Lair:1: 1960 daAuts
     D:8: 1658 daAuts
  Lair:5: 1648 daAuts
  Lair:2: 1486 daAuts
     D:9: 1428 daAuts
    D:14: 1404 daAuts
    D:15: 1384 daAuts
  Lair:6: 1284 daAuts
    D:11: 1228 daAuts
   Orc:2: 1163 daAuts
     D:3: 1146 daAuts
  Lair:4: 1097 daAuts
     D:7: 1088 daAuts
    D:12: 918 daAuts
